 Dungeon Crawl Stone Soup version 0.27.0-1-g7a08968 (webtiles) character file.

Game seed: 14070985024186773199

26 bonscott the Vandal (level 2, 0/33 HPs)
             Began as a Vampire Hunter on Aug 14, 2021.
             Slain by an adder (3 damage)
             ... on level 2 of the Dungeon.
             The game lasted 00:07:16 (999 turns).

bonscott the Vandal (Vampire Hunter)                 Turns: 999, Time: 00:07:17

Health: 0/33       AC: 21    Str: 11    XL:     2   Next: 89%
Magic:  2/2        EV:  2    Int: 13    God:
Gold:   57         SH:  0    Dex: 14    Spells: 1/1 levels left

rFire    . . .     SeeInvis +   b - +0 short sword
rCold    . . .     Faith    .   (no shield)
rNeg     + + +     Spirit   .   (armour currently unavailable)
rPois    +         Reflect  .   (helmet currently unavailable)
rElec    .         Harm     .   (cloak currently unavailable)
rCorr    .         Rampage  .   (gloves currently unavailable)
Will     .....     NoTele   +   (boots currently unavailable)
Stlth    ++........             g - amulet of the acrobat
HPRegen  0.31/turn              (no ring)
MPRegen  0.08/turn              (no ring)

@: tree-form, healing quickly
A: stationary, stasis, torment immunity, boosted hp, alive, (fangs 3), see
invisible, vampiric 1
a: Exsanguinate


You were on level 2 of the Dungeon.
You were a tree.
You visited 1 branch of the dungeon, and saw 2 of its levels.

You collected 57 gold pieces.

Inventory:

Hand Weapons
 a - a +1 hunting sling
 b - a +0 short sword (weapon)
 f - a +0 dagger
Missiles
 d - 44 sling bullets
 h - 65 stones
 j - 43 arrows
 k - 17 bolts
Armour
 c - a +0 leather armour (melded)
 l - a +0 buckler
Jewellery
 g - an amulet of the acrobat (around neck)
Scrolls
 m - a scroll of blinking {unknown}
Potions
 i - a potion of degeneration {unknown}
 n - a potion of mutation {unknown}


   Skills:
 - Level 2.2 Fighting
 - Level 3.5 Slings
 - Level 2.1 Dodging
 - Level 2.9 Stealth
 + Level 0.4 Shields


You had one spell level left.
You didn't know any spells.
Your spell library contained the following spells:

 Spells                   Type           Power      Damage    Failure   Level
 Iskenderun's Battlesphe  Conj           0%         2d6       100%        5
 Iron Shot                Conj/Erth      0%         9d1       100%        6
 Spellforged Servitor     Conj/Summ      0%         N/A       100%        7


Dungeon Overview and Level Annotations

Branches:
Dungeon (2/15)

Altars:

Shops:
D:1 *(


Innate Abilities, Weirdness & Mutations

You are a tree.
Your roots penetrate the ground, keeping you stationary.
You cannot be teleported.
You are immune to unholy pain and torment.
Your maximum health is greatly increased.
Your equipment is partially melded.
Your natural rate of healing is accelerated.
((You have razor-sharp teeth.))
You have supernaturally acute eyesight. (SInv)
You are afflicted with vampirism.


Message History

The adder bites you but does no damage.
You hit the adder.
The adder is severely wounded.
The adder bites you but does no damage. x2
You hit the adder but do no damage.
The adder is severely wounded.
The adder bites you but does no damage.
You miss the adder.
The adder is severely wounded.
The adder bites you but does no damage. x2
You hit the adder but do no damage.
The adder is severely wounded.
The adder bites you but does no damage.
You miss the adder.
The adder is heavily wounded.
The adder bites you.
* * * LOW HITPOINT WARNING * * *
The adder bites you.
* * * LOW HITPOINT WARNING * * *
You miss the adder.
The adder is heavily wounded.
The adder bites you but does no damage.
You barely miss the adder.
The adder is heavily wounded.
The adder bites you but does no damage. x2
You hit the adder.
The adder is severely wounded.
The adder bites you.
* * * LOW HITPOINT WARNING * * *
You barely miss the adder.
The adder is severely wounded.
The adder bites you.
* * * LOW HITPOINT WARNING * * *
You miss the adder.
The adder is severely wounded.
The adder barely misses you. The adder bites you but does no damage.
You barely miss the adder.
The adder is severely wounded.
The adder bites you.
You die...

... ###...## #.# .>.#.. # #.#
#..#.#######.### #.#
#..#.#...... ( #.#
#....##.... #.#?#
#....##..#### #S#.#
#####....##..##.# #.... .#
........♣S....#<.######(#
.........#.#.#..(...(..((.(#
###.#####.#.#........########
.......#.#.#.#..........#
#.........#...########.# #
#.........#†..########.# #
#......................# #
#.#.#...#.#.#.########## #
#.#.#.#.#....####


You could see an adder.

Vanquished Creatures
  2 bats (D:1)
  4 endoplasms (D:1)
  2 giant cockroaches
  2 goblins (D:1)
  4 jackals (D:1)
  3 kobolds
  A ball python (D:1)
  3 frilled lizards (D:1)
  A rat (D:1)
22 creatures vanquished.

Notes
Turn   | Place    | Note
-------+----------+-------------------------------------------
     0 | D:1      | bonscott the Vampire Hunter began the quest for the Orb.
     0 | D:1      | Reached XP level 1. HP: 16/16 MP: 1/1
    33 | D:1      | Found Wurroipt's General Store.
    92 | D:1      | Reached XP level 2. HP: 22/22 MP: 2/2
   222 | D:1      | Found Enepoyph's Antique Weapon Shop.
   569 | D:1      | Found a faded altar of an unknown god.
   999 | D:2      | Slain by an adder

Illustrated notes

Levels and vault maps discovered:
D:1:      nzn_arrival_crosshair, layout_rooms, serial_shops, nicolae_shop_trees,
          shop, dilly_ecumenical_altar_fadedgnrine
D:2:      layout_basic

Skill      XL: |  1 |
---------------+----+-----
Stealth        | 2 |  2.9
Fighting       | 2 |  2.2
Slings         | |  3.5
Dodging        | |  2.1
Shields        | |  0.4

Action                   || total
-------------------------++-------
Melee: Short sword       ||    31
 Fire: Hunting sling     ||    60
  Use: Potion            ||     1
Armor: Leather armour    ||    11
       Skin              ||    16
Dodge: Dodged            ||    32
